Cogmind - Beta 11.2 @@@ ROGUE MODE // 2023.01.18 @ 21:59:00 Player: drewww Result: Escaped! Performance ------------- Evolutions (9) 4500 Regions Visited (21) 4200 Robots Destroyed (80) 400 Value Destroyed (2675) 2675 Prototype IDs (32) 640 Alien Tech Used (0) 0 Bonus (12281) 12281 TOTAL SCORE: 24696 Bonus ------- High Alert Combat Kills 120 Follower Combat Kills 763 Aligned with FarCom 300 Met Data Miner 300 Met Warlord at Base 500 MAIN.C Attacked Warlord 500 Met Warlord at Research 2000 Hacked God Mode 5000 Win 3000 Friendly Fire -202 Cogmind --------- Core Integrity 1413/1600 Matter 261/300 Energy 244/250 System Corruption 7% Temperature Cool (12) Movement Flying (33) Location To Epsilon Eridani Parts ------- > --- POWER (3) -------- Micro Antimatter Reactor Micro Antimatter Reactor Micro Antimatter Reactor > --- PROPULSION (7) --- Electron Diverter Impulse Thruster Array Impulse Thruster Array Impulse Thruster Array > --- UTILITY (13) ----- Advanced Heat Sink Small Storage Unit Enhanced Optical Array Terrain Scanner Advanced Terrain Scan Processor Advanced ECM Suite Hacking Suite Improved Hacking Suite System Shield Advanced System Shield > --- WEAPON (2) ------- Enhanced Quantum Rifle Vortex Driver > --- INVENTORY (8) ---- Q-thruster Stasis Canceller HERF Cannon Micro-nuke Launcher Peak State ------------ > --- POWER ------------ Micro Antimatter Reactor Micro Antimatter Reactor Micro Antimatter Reactor > --- PROPULSION ------- Q-thruster Electron Diverter Cooled Impulse Thruster Impulse Thruster Array Impulse Thruster Array > --- UTILITY ---------- Advanced Heat Sink Small Storage Unit Compact Battery Enhanced Optical Array Advanced Terrain Scan Processor Advanced Target Analyzer Transmission Jammer Advanced ECM Suite Advanced Reaction Control System Improved Hacking Suite System Shield Advanced System Shield Advanced System Restoration Module > --- WEAPON ----------- Enhanced Quantum Rifle Enhanced Quantum Rifle > --- INVENTORY -------- Q-thruster Impulse Thruster Array Stasis Canceller Vortex Driver Micro-nuke Launcher Sapper Charge [Rating: 165] Favorites ----------- Power Micro Nuclear Core Engine Light Ion Engine Power Core Micro Nuclear Core Reactor Micro Antimatter Reactor Propulsion Improved Carbon-fiber Leg Leg Improved Carbon-fiber Leg Wheel Wheel Flight Unit Cooled Nuclear Pulse Thruster Utility Small Storage Unit Device Advanced Terrain Scanner Storage Small Storage Unit Processor Improved Terrain Scan Processor Hackware System Shield Weapon Enhanced Quantum Rifle Energy Gun Enhanced Quantum Rifle Energy Cannon Ion Cannon Ballistic Gun Light Assault Rifle Ballistic Cannon Light Cannon Launcher Rocket Launcher Special Weapon Mining Laser Build | -11 -10 -10 -10 -9 -8 -7 -7 -7 -7 -6 -6 -5 -5 -5 -5 -5 -4 -4 -3 -2 -1 ------- Run | Scr Mat Min Exi Min Mat Fac Low Low Dat Pro Fac Fac Was Fac Upp War Pro Fac Res Res Acc Slots Evolved 18 | . . . . . 4 2 . . . . 2 2 . . . . . 2 2 2 2 Power 2 | . . . . . . . . . . . . 1 . . . . . . . . 1 Propulsion 5 | . . . . . 1 1 . . . . 1 . . . . . . . 2 . . Utility 11 | . . . . . 3 1 . . . . 1 1 . . . . . 2 . 2 1 Weapon . | . . . . . . . . . . . . . . . . . . . . . . Parts Attached 206 | 6 17 2 2 3 17 12 2 4 . 1 13 14 1 12 2 15 1 5 38 7 32 Power 26 | 1 2 . 1 1 2 . 1 . . . 1 2 . 2 1 3 . . 5 . 4 Engine 7 | 1 2 . 1 1 . . . . . . . . . . 1 1 . . . . . Core 10 | . . . . . 2 . 1 . . . 1 2 . 2 . 1 . . 1 . . Reactor 9 | . . . . . . . . . . . . . . . . 1 . . 4 . 4 Propulsion 45 | 2 10 . . 1 4 3 . 2 . . 1 2 . 3 . 2 . 1 11 . 3 Treads . | . . . . . . . . . . . . . . . . . . . . . . Leg 4 | . . . . . 3 1 . . . . . . . . . . . . . . . Wheel 11 | 2 7 . . 1 1 . . . . . . . . . . . . . . . . Hover . | . . . . . . . . . . . . . . . . . . . . . . Flight 30 | . 3 . . . . 2 . 2 . . 1 2 . 3 . 2 . 1 11 . 3 Utility 62 | 1 2 . . . 6 3 . 1 . . 4 3 . 2 1 9 1 4 10 5 10 Device 37 | . . . . . 4 1 . 1 . . 2 1 . 2 . 7 1 2 5 3 8 Storage 6 | 1 . . . . . . . . . . . 1 . . 1 . . 1 1 . 1 Processor 10 | . 2 . . . 2 1 . . . . 1 . . . . 1 . . 2 1 . Hackware 9 | . . . . . . 1 . . . . 1 1 . . . 1 . 1 2 1 1 Protection . | . . . . . . . . . . . . . . . . . . . . . . Artifact . | . . . . . . . . . . . . . . . . . . . . . . Weapon 73 | 2 3 2 1 1 5 6 1 1 . 1 7 7 1 5 . 1 . . 12 2 15 Energy Gun 31 | . . . . . 2 4 1 . . 1 4 3 1 5 . . . . 3 . 7 Energy Cannon 16 | . . . . . 1 . . . . . 3 4 . . . 1 . . 2 . 5 Ballistic Gun 4 | 2 1 1 . . . . . . . . . . . . . . . . . . . Ballistic Cannon 3 | . 2 . . 1 . . . . . . . . . . . . . . . . . Launcher 17 | . . . 1 . 2 2 . 1 . . . . . . . . . . 7 1 3 Special Weapon 2 | . . 1 . . . . . . . . . . . . . . . . . 1 . Impact Weapon . | . . . . . . . . . . . . . . . . . . . . . . Slashing Weapon . | . . . . . . . . . . . . . . . . . . . . . . Piercing Weapon . | . . . . . . . . . . . . . . . . . . . . . . Special Melee Weapon . | . . . . . . . . . . . . . . . . . . . . . . Unidentified Prototypes 9 | . . . . . 1 . . . . . . . . 1 . 7 . . . . . Parts Lost 31 | . . 1 . 2 1 2 . 1 . 1 . . . 3 . . . . 10 . 10 Power 5 | . . . . 1 . . . . . . . . . 2 . . . . . . 2 Propulsion 9 | . . . . 1 1 . . 1 . . . . . . . . . . 4 . 2 Utility 13 | . . . . . . 1 . . . . . . . 1 . . . . 6 . 5 Weapon 4 | . . 1 . . . 1 . . . 1 . . . . . . . . . . 1 Highest Loss Streak 7 | . . 1 . 2 1 1 . 1 . 1 . . . 3 . . . . 7 . 5 To Critical Strikes . | . . . . . . . . . . . . . . . . . . . . . . Average Slot Usage (%) 93 | . 97 99 100 97 97 97 99 99 92 90 87 88 94 94 95 96 94 89 87 93 87 Engine 2 | . 14 14 14 12 . . . . . . . . . . 1 4 5 5 1 . . Core 4 | . . . . . 8 7 7 7 7 7 6 11 11 11 5 5 5 5 2 . . Reactor 1 | . . . . . . . . . . . . . . . . . . . 4 8 11 Leg 5 | . . . . . 13 23 23 20 . . . . . . . . . . . . . Wheel 5 | . 26 28 28 26 11 . . . . . . . . . . . . . . . . Flight 15 | . . . . . . 6 7 8 23 23 22 22 23 24 29 29 29 23 26 26 20 Device 10 | . . . . . 17 9 7 7 7 7 13 11 11 10 5 9 13 18 15 17 16 Storage 7 | . 14 14 14 14 9 7 7 7 7 7 6 4 5 5 11 6 5 5 6 8 7 Processor 14 | . 13 14 14 14 17 19 23 23 23 23 14 11 11 11 11 14 15 10 9 13 9 Hackware 9 | . . . . . . 5 7 7 7 7 11 17 17 17 17 13 11 15 13 10 14 Energy Gun 6 | . . . . . 11 5 8 12 7 5 11 5 11 9 11 7 5 5 3 4 4 Energy Cannon 1 | . . . . . 3 6 . . . . . . . . . . . . . . 1 Ballistic Gun 2 | . 15 13 14 14 1 . . . . . . . . . . . . . . . . Ballistic Cannon 1 | . 11 13 . 9 1 . . . . . . . . . . . . . . . . Launcher 1 | . . . 5 4 1 2 5 1 7 7 . . . . . . . . . 3 . Naked Turns . | . . . . . . . . . . . . . . . . . . . . . . Heaviest Build 56 | 11 13 13 13 13 24 24 21 20 18 18 20 29 28 28 28 30 31 33 56 50 56 Greatest Support 56 | 20 20 20 20 26 54 54 54 54 20 20 25 28 28 38 29 32 32 35 53 51 56 Greatest Overweight (x) 4 | 2 4 . . . 1 . . . . . . 1 . . . 1 . . 1 . 1 Average Overweight (x) . | . . . . . . . . . . . . . . . . . . . . . . Largest Inventory Capacity 8 | 8 8 8 8 8 8 8 8 8 8 8 8 8 8 8 8 8 8 8 8 8 8 Average Capacity 7 | 7 8 8 8 8 8 8 8 8 8 8 8 7 8 8 8 8 8 8 8 8 8 Most Carried 8 | 6 8 8 8 7 8 8 8 8 7 7 8 8 8 8 8 8 8 8 8 8 8 Average Carried 7 | 2 6 7 7 7 7 7 8 7 7 6 7 7 7 7 6 7 7 7 7 7 6 Final Capacity 8 | 8 8 8 8 8 8 8 8 8 8 8 8 8 8 8 8 8 8 8 8 8 8 Final Carried 8 | 4 8 8 7 7 8 8 8 7 7 6 7 7 8 7 8 8 7 8 8 8 4 Class Distribution -------------------- 36% | Mutant 35% | Hacker-Scout 12% | Hacker-Sprinter 6% | Skirmisher 3% | Sprinter Dominant Class ---------------- Mutant | -10/Materials Mutant | -10/Mines Mutant | -10/Exiles Mutant | -9/Mines Skirmisher | -8/Materials Mutant | -7/Factory Mutant | -7/Lower Caves Mutant | -7/Lower Caves Sprinter | -7/Data Miner Sprinter | -6/Proximity Caves Hacker-Scout | -6/Factory Hacker-Scout | -5/Factory Hacker-Scout | -5/Waste Hacker-Scout | -5/Factory Hacker-Scout | -5/Upper Caves Hacker-Scout | -5/Warlord Hacker-Scout | -4/Proximity Caves Hacker-Scout | -4/Factory Hacker-Sprinter | -3/Research Hacker-Sprinter | -2/Research Hacker-Sprinter | -1/Access Resources | -11 -10 -10 -10 -9 -8 -7 -7 -7 -7 -6 -6 -5 -5 -5 -5 -5 -4 -4 -3 -2 -1 ----------- Run | Scr Mat Min Exi Min Mat Fac Low Low Dat Pro Fac Fac Was Fac Upp War Pro Fac Res Res Acc Matter Collected 2975 | 250 334 134 . 219 145 211 10 65 . 56 22 227 . 117 70 157 10 . 474 146 328 Remotely . | . . . . . . . . . . . . . . . . . . . . . . Salvage Created 2194 | . 299 45 . 102 188 348 47 78 . 93 22 110 . 146 . . . . 286 101 329 Parts 163 | . 31 10 . . 9 27 7 8 . 8 1 4 . 10 . . . . 25 3 20 Haulers Intercepted 1 | . . . . . . . . . . . . 1 . . . . . . . . . Recyclers Shooed 1 | . . . . . . 1 . . . . . . . . . . . . . . . Parts Field Recycled . | . . . . . . . . . . . . . . . . . . . . . . Retrieved Matter . | . . . . . . . . . . . . . . . . . . . . . . Parts Self-Destructed 14 | . . . . . . . 5 3 . 6 . . . . . . . . . . . Prevented . | . . . . . . . . . . . . . . . . . . . . . . Kills | -11 -10 -10 -10 -9 -8 -7 -7 -7 -7 -6 -6 -5 -5 -5 -5 -5 -4 -4 -3 -2 -1 ------- Run | Scr Mat Min Exi Min Mat Fac Low Low Dat Pro Fac Fac Was Fac Upp War Pro Fac Res Res Acc Combat Hostiles Destroyed 59 | . 10 6 . . 5 7 1 7 . 5 . . . 2 . . . . 9 3 4 Guns 19 | . 7 1 . . 1 1 1 . . . . . . 2 . . . . 2 1 3 Cannons 14 | . 3 5 . . . 3 . . . . . . . . . . . . 2 . 1 AOE 26 | . . . . . 4 3 . 7 . 5 . . . . . . . . 5 2 . Classes Destroyed 12 | . 5 . . . 2 . 1 . . 1 . 1 . . . . . . 1 . 1 Worker 5 | . 1 . . . . 2 . . . . . . . 1 . . . . 1 . . Builder 1 | . . . . . . . . . . . . . . . . . . . . . 1 Tunneler 1 | . . . . . 1 . . . . . . . . . . . . . . . . Hauler 1 | . . . . . . . . . . . . 1 . . . . . . . . . Recycler 2 | . 1 . . 1 . . . . . . . . . . . . . . . . . Operator 1 | . . . . . . . . . . . . . . . . . . . 1 . . Watcher 9 | . 2 . . . 1 1 . . . . 1 . . . . . . . 1 . 3 Swarmer 39 | . 9 6 . . 3 3 . 7 . 4 . . . . . . . . 5 2 . Grunt 6 | . 1 . . 1 1 2 . . . . . . . . . . . . . 1 . Sentry 3 | . . . . . 1 2 . . . . . . . . . . . . . . . Hunter 2 | . . . . . . . . . . 1 . . . . . . . . . . 1 Programmer 10 | . . . . . . . 1 . . . . . . 2 . . . . 4 . 3 Best Kill Streak 5 | . 5 3 . 1 3 4 1 4 . 5 1 1 . 2 . . . . 5 2 2 Combat Bots Only 5 | . 4 3 . . 3 3 1 4 . 5 . . . 1 . . . . 5 2 1 Max Kills in Single Turn 3 | . 2 1 . 1 2 2 1 2 . 3 1 1 . 1 . . . . 3 2 1 Gunslinging . | . . . . . . . . . . . . . . . . . . . . . . Exploded 3 | . . . . . 2 2 . 2 . 3 . . . . . . . . 3 2 . Melee . | . . . . . . . . . . . . . . . . . . . . . . Uniques/NPCs Destroyed . | . . . . . . . . . . . . . . . . . . . . . . Combat | -11 -10 -10 -10 -9 -8 -7 -7 -7 -7 -6 -6 -5 -5 -5 -5 -5 -4 -4 -3 -2 -1 -------- Run | Scr Mat Min Exi Min Mat Fac Low Low Dat Pro Fac Fac Was Fac Upp War Pro Fac Res Res Acc Damage Taken 4710 | . 176 238 . 96 95 759 119 184 . 12 . . . 269 . . 221 41 1083 136 1281 Core 768 | . 40 33 . 49 32 122 . 13 . . . . . 28 . . 16 . 212 36 187 Absorbed by Shields 88 | . . . . . . . . . . . . . . . . . . . . . 88 Regen/Repaired (Parts) 131 | . . . . . . . . . . . . 93 . 38 . . . . . . . Core Remaining (%) 88 | 100 . . . 51 94 . . . . 80 100 . . . . . 95 100 83 97 88 Volleys Fired 267 | . 25 17 . 6 20 32 8 5 . 4 4 8 . 11 1 2 8 3 34 15 64 Largest 2 | . 2 2 . 2 2 2 1 2 . 2 1 2 . 2 1 1 1 1 2 1 2 Hottest 165 | . 55 100 . 55 115 115 63 96 . 96 90 150 . 146 65 65 65 65 165 65 165 Shots Fired 410 | . 50 31 . 10 36 55 8 10 . 7 4 12 . 18 1 2 8 3 45 15 95 Gun 264 | . 26 14 . 4 23 28 8 5 . 3 . 7 . 18 1 2 8 3 32 12 70 Cannon 111 | . 24 15 . 4 9 25 . . . . 4 5 . . . . . . 4 . 21 Launcher 31 | . . . . 2 4 2 . 5 . 4 . . . . . . . . 9 1 4 Special 4 | . . 2 . . . . . . . . . . . . . . . . . 2 . Kinetic 95 | . 50 29 . 8 8 . . . . . . . . . . . . . . . . Thermal 210 | . . 2 . . 5 30 8 5 . 3 4 7 . 18 1 2 8 3 32 12 70 Explosive 31 | . . . . 2 4 2 . 5 . 4 . . . . . . . . 9 1 4 Electromagnetic 53 | . . . . . 19 23 . . . . . 5 . . . . . . . . 6 Entropic 19 | . . . . . . . . . . . . . . . . . . . 4 . 15 Robot Hit Streak 18 | . 6 4 . 5 3 18 4 2 . 3 4 12 . 2 . . . . 5 3 6 Robot Miss Streak 8 | . 4 3 . 2 8 5 2 2 . 1 . . . 4 1 . . . 2 3 4 Penetration Max 1 | . . . . . . . . . . . . . . . . . . . 1 . 1 Secondary Targets . | . . . . . . . . . . . . . . . . . . . . . . Shots Hit Robots 196 | . 22 15 . 5 12 40 5 5 . 5 2 8 . 6 . . . . 21 6 44 Core Hits 124 | . 15 7 . 6 6 19 2 8 . 8 1 2 . 10 . . . . 19 6 15 Critical Kills 1 | . 1 . . . . . . . . . . . . . . . . . . . . Critical Parts Destroyed . | . . . . . . . . . . . . . . . . . . . . . . Critical Strikes 14 | . 1 1 . 1 1 4 . . . . . . . . . . . . 1 . 5 Burn 3 | . . . . . . 3 . . . . . . . . . . . . . . . Destroy 1 | . 1 . . . . . . . . . . . . . . . . . . . . Blast 2 | . . 1 . 1 . . . . . . . . . . . . . . . . . Corrupt 3 | . . . . . 1 1 . . . . . . . . . . . . . . 1 Sunder 5 | . . . . . . . . . . . . . . . . . . . 1 . 4 Melee Attacks . | . . . . . . . . . . . . . . . . . . . . . . Impact . | . . . . . . . . . . . . . . . . . . . . . . Slashing . | . . . . . . . . . . . . . . . . . . . . . . Piercing . | . . . . . . . . . . . . . . . . . . . . . . Sneak Attacks . | . . . . . . . . . . . . . . . . . . . . . . Combat Hostiles . | . . . . . . . . . . . . . . . . . . . . . . Follow-up Attacks . | . . . . . . . . . . . . . . . . . . . . . . Damage Inflicted 8114 | . 318 245 . 181 453 1048 102 568 . 386 64 239 . 346 . . . . 1690 420 2054 Guns 3231 | . 174 92 . 17 190 325 102 16 . 16 . 136 . 263 . . . . 588 127 1185 Cannons 2287 | . 144 153 . 36 48 434 . . . . 64 103 . . . . . . 440 . 865 Explosions 2596 | . . . . 128 215 289 . 552 . 370 . . . 83 . . . . 662 293 4 Melee . | . . . . . . . . . . . . . . . . . . . . . . Ramming . | . . . . . . . . . . . . . . . . . . . . . . Kinetic 616 | . 318 245 . 53 . . . . . . . . . . . . . . . . . Thermal 3111 | . . . . . 129 518 102 16 . 16 64 103 . 263 . . . . 588 127 1185 Explosive 2432 | . . . . 128 134 289 . 552 . 370 . . . . . . . . 662 293 4 Electromagnetic 820 | . . . . . 190 241 . . . . . 136 . 83 . . . . . . 170 Impact . | . . . . . . . . . . . . . . . . . . . . . . Slashing . | . . . . . . . . . . . . . . . . . . . . . . Piercing . | . . . . . . . . . . . . . . . . . . . . . . Entropic 1135 | . . . . . . . . . . . . . . . . . . . 440 . 695 Highest Corruption 7 | . . . . . . . 2 2 2 2 . . . . . . . . 3 . 7 Average Corruption 3 | . . . . . . . 1 2 2 2 . . . . . . . . 2 . 6 Corruption Purged 4 | . . . . . . . . . . . . . . . . . . . 2 . 2 Corruption Blocked 40 | . . . . . . . . . . . . . . . . 35 . . . 5 . Effects 22 | . . . . . . . 1 1 . 2 . . . . . . . . 5 . 13 Message Errors 6 | . . . . . . . 1 1 . 1 . . . . . . . . . . 3 Matter Fused 4 | . . . . . . . . . . . . . . . . . . . 2 . 2 Heat Flow Errors 1 | . . . . . . . . . . . . . . . . . . . . . 1 Energy Discharges 3 | . . . . . . . . . . . . . . . . . . . 1 . 2 Parts Rejected 1 | . . . . . . . . . . . . . . . . . . . . . 1 Data Loss (minor) 3 | . . . . . . . . . . 1 . . . . . . . . 1 . 1 Data Loss (major) 1 | . . . . . . . . . . . . . . . . . . . 1 . . Misfires 2 | . . . . . . . . . . . . . . . . . . . . . 2 Alerts 1 | . . . . . . . . . . . . . . . . . . . . . 1 Overload Shots . | . . . . . . . . . . . . . . . . . . . . . . Overflow Damage 332 | . . . . 5 1 24 . 9 . . . 25 . . . . . . 145 24 99 Projectiles 284 | . . . . 5 . 10 . . . . . 25 . . . . . . 145 . 99 Explosions 48 | . . . . . 1 14 . 9 . . . . . . . . . . . 24 . Melee . | . . . . . . . . . . . . . . . . . . . . . . Knockbacks 5 | . 1 3 . 1 . . . . . . . . . . . . . . . . . Impact . | . . . . . . . . . . . . . . . . . . . . . . Kinetic 5 | . 1 3 . 1 . . . . . . . . . . . . . . . . . Secondary . | . . . . . . . . . . . . . . . . . . . . . . Self-Inflicted Damage 174 | . . . . 20 . . . 61 . . . . . 12 . . . . 31 . 50 Shots 8 | . . . . 1 . . . 3 . . . . . 1 . . . . 1 . 2 Rammed . | . . . . . . . . . . . . . . . . . . . . . . Targets Rammed . | . . . . . . . . . . . . . . . . . . . . . . Kicked . | . . . . . . . . . . . . . . . . . . . . . . Crushed . | . . . . . . . . . . . . . . . . . . . . . . Highest Temperature 407 | . . 40 . 4 138 194 . . . 57 102 270 . 364 5 45 123 36 403 20 407 Average Temperature 79 | . . 16 . 3 46 119 . . . 26 45 107 . 160 4 15 25 16 70 9 130 Received Heat Transfer 354 | . . . . . 27 198 . . . . . . . 27 . . 39 18 45 . . Effects 12 | . . . . . . . . . . . . . . 1 . . . . 2 . 9 Shutdowns 6 | . . . . . . . . . . . . . . 1 . . . . 2 . 3 Energy Bleed 2 | . . . . . . . . . . . . . . . . . . . . . 2 Interference 2 | . . . . . . . . . . . . . . . . . . . . . 2 Matter Decay 1 | . . . . . . . . . . . . . . . . . . . . . 1 Damage (minor) 1 | . . . . . . . . . . . . . . . . . . . . . 1 Siege Activations . | . . . . . . . . . . . . . . . . . . . . . . Robots Corrupted 1 | . . . . . 1 . . . . . . . . . . . . . . . . Combat Hostiles . | . . . . . . . . . . . . . . . . . . . . . . Parts Fried 4 | . . . . . 2 . . . . . . . . . . . . . . . 2 Impact Corruptions . | . . . . . . . . . . . . . . . . . . . . . . Robots Melted . | . . . . . . . . . . . . . . . . . . . . . . Combat Hostiles . | . . . . . . . . . . . . . . . . . . . . . . Parts Melted 6 | . . . . . . 1 . . . . . 1 . 1 . . . . . 1 2 Heat Transferred 4159 | . . . . . 174 1110 185 37 . 37 100 111 . 296 . . . . 629 148 1332 Parts Sabotaged . | . . . . . . . . . . . . . . . . . . . . . . Parts Stolen . | . . . . . . . . . . . . . . . . . . . . . . Parts Stripped . | . . . . . . . . . . . . . . . . . . . . . . Power Chain Reactions 1 | . . . . . 1 . . . . . . . . . . . . . . . . Missiles Intercepted . | . . . . . . . . . . . . . . . . . . . . . . Alert | -11 -10 -10 -10 -9 -8 -7 -7 -7 -7 -6 -6 -5 -5 -5 -5 -5 -4 -4 -3 -2 -1 ------- Run | Scr Mat Min Exi Min Mat Fac Low Low Dat Pro Fac Fac Was Fac Upp War Pro Fac Res Res Acc Peak Influence 794 | . 375 212 . 51 138 239 . . . . 73 44 60 204 . . . 372 540 531 794 Initial 318 | . . 67 . . 13 62 . . . . 60 . 15 42 . . . 160 195 303 318 Average 195 | . 221 163 . 30 39 131 . . . . 48 17 42 78 . . . 252 317 367 549 Maximum Alert Level 3 | . 1 1 . . . 1 . . . . . . . 1 . . . 1 2 2 3 Low Security (%) 60 | 100 46 43 . 100 100 74 . . . . 100 100 100 95 . . . 43 12 11 . Level 1 21 | . 53 56 . . . 25 . . . . . . . 4 . . . 56 65 52 10 Level 2 17 | . . . . . . . . . . . . . . . . . . . 22 36 84 Level 3 . | . . . . . . . . . . . . . . . . . . . . . 4 Level 4 . | . . . . . . . . . . . . . . . . . . . . . . Level 5 . | . . . . . . . . . . . . . . . . . . . . . . High Security . | . . . . . . . . . . . . . . . . . . . . . . Max Security . | . . . . . . . . . . . . . . . . . . . . . . Squads Dispatched 25 | . 2 . . . . 2 . . . . . 3 . 1 . . . 2 6 2 7 Investigation 7 | . . . . . . 1 . . . . . 3 . . . . . 1 . . 2 Extermination 4 | . . . . . . . . . . . . . . 1 . . . . 1 . 2 Reinforcement 13 | . 2 . . . . 1 . . . . . . . . . . . 1 5 2 2 Assault 1 | . . . . . . . . . . . . . . . . . . . . . 1 Garrison . | . . . . . . . . . . . . . . . . . . . . . . Intercept . | . . . . . . . . . . . . . . . . . . . . . . Searches Triggered . | . . . . . . . . . . . . . . . . . . . . . . Data Miner Redirects 4 | . . . . . . . . . . . . 1 . . . . . 1 . . 2 Construction Impeded . | . . . . . . . . . . . . . . . . . . . . . . Haulers Reinforced 2 | . . . . . . . . . . . . . . . . . . . . 1 1 Active Scanning Responses . | . . . . . . . . . . . . . . . . . . . . . . Cargo Convoy Interrupts . | . . . . . . . . . . . . . . . . . . . . . . Stealth | -11 -10 -10 -10 -9 -8 -7 -7 -7 -7 -6 -6 -5 -5 -5 -5 -5 -4 -4 -3 -2 -1 --------- Run | Scr Mat Min Exi Min Mat Fac Low Low Dat Pro Fac Fac Was Fac Upp War Pro Fac Res Res Acc Distress Signals 6 | . . . . . . 1 . . . . . . . . . . . 2 1 . 2 Communications Jammed 2 | . . . . . . . . . . . . . . . . . . . . . 2 Distress Signals . | . . . . . . . . . . . . . . . . . . . . . . Times Spotted 172 | . 15 7 . 4 6 15 1 7 . 1 1 3 6 10 . . 16 6 21 24 29 Peak Tracking Total 21 | . 4 3 . 2 1 3 1 4 . 1 1 1 6 5 . . 7 9 5 21 5 Tactical Retreats 28 | . . 1 . 1 . 1 . . . . . . . . . . 6 1 7 3 8 Traps | -11 -10 -10 -10 -9 -8 -7 -7 -7 -7 -6 -6 -5 -5 -5 -5 -5 -4 -4 -3 -2 -1 ------- Run | Scr Mat Min Exi Min Mat Fac Low Low Dat Pro Fac Fac Was Fac Upp War Pro Fac Res Res Acc Traps Triggered 10 | . 1 . . . . 2 . . . . . 2 . 1 . . . . 1 . 3 Indirectly . | . . . . . . . . . . . . . . . . . . . . . . Trap Hack Attempts . | . . . . . . . . . . . . . . . . . . . . . . Triggered . | . . . . . . . . . . . . . . . . . . . . . . Disarmed . | . . . . . . . . . . . . . . . . . . . . . . Reprogrammed . | . . . . . . . . . . . . . . . . . . . . . . Reused . | . . . . . . . . . . . . . . . . . . . . . . Traps Extracted . | . . . . . . . . . . . . . . . . . . . . . . Installed . | . . . . . . . . . . . . . . . . . . . . . . Triggered 7 | . . . . . . . . . . . . . . . . 7 . . . . . Time Bombs Activated 1 | . . . . . . . . . . . . . . . . . . . . . 1 Exploded 1 | . . . . . . . . . . . . . . . . . . . . . 1 Machines | -11 -10 -10 -10 -9 -8 -7 -7 -7 -7 -6 -6 -5 -5 -5 -5 -5 -4 -4 -3 -2 -1 ---------- Run | Scr Mat Min Exi Min Mat Fac Low Low Dat Pro Fac Fac Was Fac Upp War Pro Fac Res Res Acc Machines Disabled 15 | . 2 . . . 1 1 . . . . . . . 2 . . . . 1 4 4 Max in Single Turn 2 | . 1 . . . 1 1 . . . . . . . 2 . . . . 1 1 2 Machines Sabotaged . | . . . . . . . . . . . . . . . . . . . . . . Garrisons Compromised . | . . . . . . . . . . . . . . . . . . . . . . Overloaded Fab Kills . | . . . . . . . . . . . . . . . . . . . . . . Hacking | -11 -10 -10 -10 -9 -8 -7 -7 -7 -7 -6 -6 -5 -5 -5 -5 -5 -4 -4 -3 -2 -1 --------- Run | Scr Mat Min Exi Min Mat Fac Low Low Dat Pro Fac Fac Was Fac Upp War Pro Fac Res Res Acc Machines Accessed 56 | . 2 . . . 6 2 . . 4 . 2 6 . 3 . 8 . 4 9 2 8 Terminals 32 | . 2 . . . 6 1 . . . . 2 3 . 2 . . . 2 6 2 6 Fabricators 4 | . . . . . . . . . . . . 2 . . . . . 1 1 . . Repair Stations 4 | . . . . . . . . . . . . 1 . 1 . . . . 1 . 1 Recycling Units 1 | . . . . . . . . . . . . . . . . . . 1 . . . Scanalyzers 2 | . . . . . . 1 . . . . . . . . . . . . 1 . . Garrison Access 1 | . . . . . . . . . . . . . . . . . . . . . 1 Total Hacks 164 | . 5 . . . 12 4 . . 33 . 3 19 . 8 . 12 . 14 24 6 24 Successful 100 | . 3 . . . 5 2 . . 33 . 2 12 . 5 . 12 . 8 10 4 4 Failed 64 | . 2 . . . 7 2 . . . . 1 7 . 3 . . . 6 14 2 20 Catastrophic 18 | . . . . . 5 1 . . . . . 2 . . . . . . 3 . 7 Database Lockouts . | . . . . . . . . . . . . . . . . . . . . . . Manual 34 | . . . 1 . 7 2 . . . . 1 2 . 1 . 1 . 4 7 1 7 Terminals 82 | . 5 . . . 12 2 . . . . 3 6 . 5 . . . 9 15 6 19 Fabricators 11 | . . . . . . . . . . . . 6 . . . . . 2 3 . . Repair Stations 16 | . . . . . . . . . . . . 7 . 3 . . . . 3 . 3 Recycling Units 3 | . . . . . . . . . . . . . . . . . . 3 . . . Scanalyzers 5 | . . . . . . 2 . . . . . . . . . . . . 3 . . Garrison Access 2 | . . . . . . . . . . . . . . . . . . . . . 2 Terminal Hacks 78 | . 3 . . . 5 1 . . 33 . 2 2 . 3 . 12 . 4 7 4 2 Record 25 | . . . . . 3 . . . 11 . . . . . . 11 . . . . . Part Schematic 13 | . . . . . . . . . 13 . . . . . . . . . . . . Robot Schematic 6 | . . . . . . . . . 6 . . . . . . . . . . . . Robot Analysis 1 | . 1 . . . . . . . . . . . . . . . . . . . . Prototype ID Bank 6 | . . . . . . . . . 3 . 1 . . . . . . . 2 . . Open Door 1 | . . . . . . . . . . . . . . . . 1 . . . . . Level Access Points 6 | . . . . . 1 . . . . . . 1 . 1 . . . 1 . 1 1 Branch Access Points 2 | . . . . . . . . . . . . . . 1 . . . . 1 . . Emergency Access Points 2 | . . . . . . . . . . . . . . . . . . 1 1 . . Fabricator Index 1 | . . . . . . . . . . . . . . . . . . . 1 . . Alert Level 1 | . . . . . . . . . . . . . . . . . . . . 1 . Unreport Threat 4 | . . . . . . 1 . . . . . . . 1 . . . . 1 1 . Locate Traps 2 | . . . . . . . . . . . . . . . . . . 1 1 . . Patrol Status 1 | . . . . . . . . . . . . . . . . . . 1 . . . Transport Status 1 | . . . . . . . . . . . 1 . . . . . . . . . . Recall Reinforcements 1 | . . . . . . . . . . . . . . . . . . . . . 1 Hauler Manifests 1 | . . . . . . . . . . . . 1 . . . . . . . . . Registered Components 1 | . 1 . . . . . . . . . . . . . . . . . . . . Zone Layout 3 | . 1 . . . 1 . . . . . . . . . . . . . . 1 . Fabricator Hacks 4 | . . . . . . . . . . . . 4 . . . . . . . . . Load Schematic 2 | . . . . . . . . . . . . 2 . . . . . . . . . Build 2 | . . . . . . . . . . . . 2 . . . . . . . . . Repair Station Hacks 10 | . . . . . . . . . . . . 6 . 2 . . . . 1 . 1 Scan Component 6 | . . . . . . . . . . . . 3 . 1 . . . . 1 . 1 Repair 4 | . . . . . . . . . . . . 3 . 1 . . . . . . . Recycling Unit Hacks 3 | . . . . . . . . . . . . . . . . . . 3 . . . Process 1 | . . . . . . . . . . . . . . . . . . 1 . . . Report Inventory 1 | . . . . . . . . . . . . . . . . . . 1 . . . Retrieve Matter 1 | . . . . . . . . . . . . . . . . . . 1 . . . Scanalyzer 2 | . . . . . . 1 . . . . . . . . . . . . 1 . . Insert Component 2 | . . . . . . 1 . . . . . . . . . . . . 1 . . Garrison Access Hacks . | . . . . . . . . . . . . . . . . . . . . . . Unauthorized Hacks 3 | . . . . . . . . . . . . . . . . . . 1 1 . 1 Terminals 1 | . . . . . . . . . . . . . . . . . . . . . 1 Assimilate 1 | . . . . . . . . . . . . . . . . . . . . . 1 Fabricators 2 | . . . . . . . . . . . . . . . . . . 1 1 . . Fabnet 2 | . . . . . . . . . . . . . . . . . . 1 1 . . Repair Stations . | . . . . . . . . . . . . . . . . . . . . . . Recycling Units . | . . . . . . . . . . . . . . . . . . . . . . Scanalyzers . | . . . . . . . . . . . . . . . . . . . . . . Garrison Access . | . . . . . . . . . . . . . . . . . . . . . . Data Cores Recovered . | . . . . . . . . . . . . . . . . . . . . . . Used . | . . . . . . . . . . . . . . . . . . . . . . Hacking Detections 34 | . 1 . . . 5 1 . . . . 1 6 . 2 . . . 2 7 1 8 Full Trace Events 6 | . . . . . . . . . . . . 3 . . . . . 1 . . 2 Feedback Events . | . . . . . . . . . . . . . . . . . . . . . . Feedback Blocked . | . . . . . . . . . . . . . . . . . . . . . . Robot Schematics Acquired 6 | . . . . . . . . . 6 . . . . . . . . . . . . Robots Built . | . . . . . . . . . . . . . . . . . . . . . . Authchips . | . . . . . . . . . . . . . . . . . . . . . . Time . | . . . . . . . . . . . . . . . . . . . . . . Total Robot Build Rating . | . . . . . . . . . . . . . . . . . . . . . . Part Schematics Acquired 13 | . . . . . . . . . 13 . . . . . . . . . . . . Parts Built 4 | . . . . . . . . . . . . 4 . . . . . . . . . Authchips . | . . . . . . . . . . . . . . . . . . . . . . Time 159 | . . . . . . . . . . . . 159 . . . . . . . . . Total Part Build Rating 24 | . . . . . . . . . . . . 24 . . . . . . . . . Parts Repaired 4 | . . . . . . . . . . . . 3 . 1 . . . . . . . Time 176 | . . . . . . . . . . . . 102 . 74 . . . . . . . Parts Recycled . | . . . . . . . . . . . . . . . . . . . . . . Recycled Matter 18 | . . . . . . . . . . . . . . . . . . 18 . . . Retrieved Matter 18 | . . . . . . . . . . . . . . . . . . 18 . . . Retrieved Components . | . . . . . . . . . . . . . . . . . . . . . . Parts Scanalyzed 2 | . . . . . . 1 . . . . . . . . . . . . 1 . . Part Schematics Acquired . | . . . . . . . . . . . . . . . . . . . . . . Parts Damaged . | . . . . . . . . . . . . . . . . . . . . . . Bothacking | -11 -10 -10 -10 -9 -8 -7 -7 -7 -7 -6 -6 -5 -5 -5 -5 -5 -4 -4 -3 -2 -1 ------------ Run | Scr Mat Min Exi Min Mat Fac Low Low Dat Pro Fac Fac Was Fac Upp War Pro Fac Res Res Acc Used RIF Installer . | . . . . . . . . . . . . . . . . . . . . . . Robots Hacked 3 | . . . . . . . . . . . . . . . . . . . 1 2 . Non-combat . | . . . . . . . . . . . . . . . . . . . . . . Combat 3 | . . . . . . . . . . . . . . . . . . . 1 2 . Robot Hacks Applied 1 | . . . . . . . . . . . . . . . . . . . . 1 . parse_system 1 | . . . . . . . . . . . . . . . . . . . . 1 . Manual 1 | . . . . . . . . . . . . . . . . . . . . 1 . Relay Couplers Released 1 | . . . . . . . . . . . . . . . . . . . . 1 . Machine Destruction 1 | . . . . . . . . . . . . . . . . . . . . 1 . Fabnet Peak Effective % 4 | . . . . . . . . . . . . . . . . . . . 3 4 1 Autooverrided 2 | . . . . . . . . . . . . . . . . . . . 1 1 . Robots Rewired . | . . . . . . . . . . . . . . . . . . . . . . Allies Hacked . | . . . . . . . . . . . . . . . . . . . . . . Hacks Repelled . | . . . . . . . . . . . . . . . . . . . . . . Allies | -11 -10 -10 -10 -9 -8 -7 -7 -7 -7 -6 -6 -5 -5 -5 -5 -5 -4 -4 -3 -2 -1 -------- Run | Scr Mat Min Exi Min Mat Fac Low Low Dat Pro Fac Fac Was Fac Upp War Pro Fac Res Res Acc Total Allies 12 | . . . . 3 . . . . . 1 . . . . . . . . 1 6 1 Largest Group 5 | . . . . 3 2 . . . . 1 . . . . . . . . 1 5 3 Highest-Rated Group 626 | . . . . 40 24 . . . . 96 . . . . . . . . 42 626 288 Highest-Rated Ally 357 | . . . . 16 16 . . . . 96 . . . . . . . . 42 357 96 Total Orders . | . . . . . . . . . . . . . . . . . . . . . . Ally Attacks 86 | . . . . 5 17 . . . . 11 . . . . . . . . 2 16 35 Total Damage 5083 | . . . . 32 148 . . . . 308 . . . . . . . . 43 3599 953 Kills 19 | . . . . . . . . . . . . . . . . . . . 1 15 3 Allies Corrupted 2 | . . . . . . . . . . . . . . . . . . . . . 2 Allies Melted . | . . . . . . . . . . . . . . . . . . . . . . Intel | -11 -10 -10 -10 -9 -8 -7 -7 -7 -7 -6 -6 -5 -5 -5 -5 -5 -4 -4 -3 -2 -1 ------- Run | Scr Mat Min Exi Min Mat Fac Low Low Dat Pro Fac Fac Was Fac Upp War Pro Fac Res Res Acc Robot Analysis Total 1 | . 1 . . . . . . . . . . . . . . . . . . . . Derelict Logs Recovered 13 | . . 1 . 2 . . 2 2 . 2 . . . . 1 . 3 . . . . Drone Launches . | . . . . . . . . . . . . . . . . . . . . . . Drone Recoveries . | . . . . . . . . . . . . . . . . . . . . . . Exploration | -11 -10 -10 -10 -9 -8 -7 -7 -7 -7 -6 -6 -5 -5 -5 -5 -5 -4 -4 -3 -2 -1 ------------- Run | Scr Mat Min Exi Min Mat Fac Low Low Dat Pro Fac Fac Was Fac Upp War Pro Fac Res Res Acc Turns Passed 8566 | 62 428 299 221 326 712 760 541 345 24 375 540 652 150 389 100 334 233 177 741 122 1035 Spaces Moved 11669 | 47 371 268 261 335 484 532 434 334 80 683 749 610 318 572 320 1172 455 479 1396 230 1539 Core 14 | 13 1 . . . . . . . . . . . . . . . . . . . . Treads . | . . . . . . . . . . . . . . . . . . . . . . Legs 1443 | . . . . . 233 532 434 244 . . . . . . . . . . . . . Wheels 1516 | 34 367 268 261 335 251 . . . . . . . . . . . . . . . . Hover . | . . . . . . . . . . . . . . . . . . . . . . Flight 8696 | . 3 . . . . . . 90 80 683 749 610 318 572 320 1172 455 479 1396 230 1539 Fastest Speed 20 | 50 80 80 80 80 85 120 120 30 30 30 27 27 27 24 24 23 23 23 20 22 22 Average Speed 45 | 89 81 80 80 86 104 120 120 95 30 30 29 27 27 26 24 23 23 25 21 22 28 Slowest Speed 280 | 150 280 80 80 90 190 120 120 120 30 30 30 107 27 27 24 99 23 27 92 22 93 Overloaded Moves . | . . . . . . . . . . . . . . . . . . . . . . Propulsion Burnouts . | . . . . . . . . . . . . . . . . . . . . . . Robots Hopped 64 | . . . . . . . . . . . 6 10 . 5 2 . 1 5 15 . 20 Cave-ins Triggered . | . . . . . . . . . . . . . . . . . . . . . . Exploration Rate (%) 50 | 4 59 69 65 81 44 21 78 66 72 77 19 20 85 17 72 92 70 17 37 10 32 Regions Visited 21 Branch Regions 10 Pre-discovered Areas 4 | . . . . 1 . . . . 1 1 . . . . 1 . . . . . . Known Exits Taken 8 | . . . . . 1 . . 1 . 1 1 . . 1 . . 1 1 . 1 . Unknown Exits Taken 11 | 1 1 1 1 1 . 1 1 . 1 . . . . . 1 1 . . 1 . . Scrap Searched 12 | . . . . 1 . . 1 1 . 2 . . . . 4 . 3 . . . . Spaces Dug 73 | . . . . . 11 . . . . . 2 1 . 4 . . 8 3 37 1 6 Terrain Destroyed 379 | . . . . 19 50 . . 32 . 43 2 1 . 7 1 . 8 3 109 5 99 Melee . | . . . . . . . . . . . . . . . . . . . . . . Projectile 52 | . . . . . 1 . . . . . 2 1 . 7 1 . 8 3 7 2 20 AOE 327 | . . . . 19 49 . . 32 . 43 . . . . . . . . 102 3 79 Terrain Rammed . | . . . . . . . . . . . . . . . . . . . . . . Walls Destroyed . | . . . . . . . . . . . . . . . . . . . . . . Machines Disabled . | . . . . . . . . . . . . . . . . . . . . . . Actions | -11 -10 -10 -10 -9 -8 -7 -7 -7 -7 -6 -6 -5 -5 -5 -5 -5 -4 -4 -3 -2 -1 --------- Run | Scr Mat Min Exi Min Mat Fac Low Low Dat Pro Fac Fac Was Fac Upp War Pro Fac Res Res Acc Total 14511 | 64 451 318 274 362 657 597 447 349 79 845 1062 1077 381 788 338 1232 574 526 1770 288 2032 Wait 2192 | 6 9 28 6 18 115 12 1 . . 158 281 422 60 192 16 21 111 39 279 30 388 Move 11523 | 46 370 267 260 334 483 531 433 333 79 682 736 591 317 561 315 1171 452 468 1365 229 1500 Hop 61 | . . . . . . . . . . . 6 9 . 5 2 . 1 5 15 . 18 Pick Up 65 | 6 8 2 1 . 6 3 . 2 . . 7 4 2 . 2 5 . 3 7 2 5 Fast Attach 101 | 4 12 1 1 2 13 5 1 1 . . 6 6 . 9 1 8 . 1 17 3 10 Attach 81 | 2 4 . 1 1 3 3 . 2 . 1 5 7 . 3 1 6 1 3 17 4 17 Detach 71 | . 9 . 1 1 4 1 1 1 . . 6 7 . 2 . 6 . 1 15 3 13 Swap 24 | . 1 1 . . 1 4 1 1 . . 2 1 1 . . 1 . 1 4 . 5 Drop 97 | . 13 2 3 . 12 6 2 3 . . 9 4 1 5 . 12 1 2 11 2 9 Fire 267 | . 25 17 . 6 20 32 8 5 . 4 4 8 . 11 1 2 8 3 34 15 64 Melee . | . . . . . . . . . . . . . . . . . . . . . . Ram . | . . . . . . . . . . . . . . . . . . . . . . Kick . | . . . . . . . . . . . . . . . . . . . . . . Crush . | . . . . . . . . . . . . . . . . . . . . . . Escape Stasis 26 | . . . . . . . . . . . . 18 . . . . . . 6 . 2 Rewire 2 | . . . 1 . . . . 1 . . . . . . . . . . . . . Trap 1 | . . . . . . . . . . . . . . . . . . . . . 1 Miscellaneous . | . . . . . . . . . . . . . . . . . . . . . . Route ------- -11/Scrapyard -10/Materials (discovered 2 exits: [*Mat] / [*Min]) -10/Mines (discovered 2 exits: [*Mat] / *Exi) -10/Exiles (discovered 2 exits: [*Min x2]) -9/Mines -8/Materials (discovered 3 exits: *Fac x3) -7/Factory (discovered 2 exits: Sto / [*Low]) -7/Lower Caves -7/Lower Caves (discovered 2 exits: Fac / *Dat) -7/Data Miner -6/Proximity Caves -6/Factory (discovered 2 exits: *Fac x2) -5/Factory (discovered 4 exits: Fac x4) -5/Waste -5/Factory (discovered 6 exits: Fac x4 / *Upp x2) -5/Upper Caves (discovered 2 exits: [*Upp] / *War) -5/Warlord -4/Proximity Caves -4/Factory (discovered 4 exits: *Res x4) -3/Research (discovered 3 exits: *Res / *Qua x2) -2/Research (discovered 4 exits: *Acc x3 / [*Tes]) -1/Access To Epsilon Eridani History --------- Turn | Location | Event 26 | -11/Scrapyard | Discovered new exit (range 15) 63 | -11/Scrapyard | Entered Materials 327 | -10/Materials | Build established: Mutant 410 | -10/Materials | Discovered new exit (range 4) 440 | -10/Materials | Discovered new exit (range 18) 491 | -10/Materials | Entered Mines 521 | -10/Mines | Found a damaged Exp. Sensor Array with a note attached 523 | -10/Mines | Found Prototype Device 598 | -10/Mines | Discovered new exit (range 8) 773 | -10/Mines | Received a Rocket Launcher from a helpful Derelict 784 | -10/Mines | Discovered new exit (range 2) 790 | -10/Mines | Entered Exiles 801 | -10/Exiles | Discovered new exit (range 15) 812 | -10/Exiles | Met 8R-AWN 823 | -10/Exiles | Met EX-HEX 852 | -10/Exiles | Met EX-BIN 860 | -10/Exiles | Aligned with FarCom system 861 | -10/Exiles | Given EX-Vault access code 881 | -10/Exiles | Opened EX-Vault 888 | -10/Exiles | Found Prototype Device 905 | -10/Exiles | Warned to stay clear of 0b10 Research branches 918 | -10/Exiles | Exiles lab attacked by MAIN.C 1003 | -10/Exiles | Discovered new exit (range 12) 1011 | -10/Exiles | Left Exiles lab with Cloak of Protection 1011 | -10/Exiles | Entered Mines 1014 | -9/Mines | Assisted by bots powering up and referring to "LRC-V3" 1020 | -9/Mines | Met a Derelict bent on vengeance 1053 | -9/Mines | Assembled infested the area 1058 | -9/Mines | Assisted by a Guerilla fighting off Assembled 1184 | -9/Mines | Learned location of Zion (-6) 1317 | -9/Mines | Learned Materials trap positions 1318 | -9/Mines | Discovered new exit (range 6) 1337 | -9/Mines | Entered Materials 1337 | -8/Materials | Accompanied by 2 allies 1337 | -8/Materials | Evolved 4 slots: Propulsion x1, Utility x3 1337 | -8/Materials | Identified Cloak of Protection 1338 | -8/Materials | Loaded intel: 8 trap records 1835 | -8/Materials | Identified exit to Factory 2049 | -8/Materials | Entered Factory 2049 | -7/Factory | Evolved 2 slots: Propulsion x1, Utility x1 2050 | -7/Factory | Identified exit to Storage 2155 | -7/Factory | Identified Exp. Sensor Array 2752 | -7/Factory | Discovered new exit (range 20) 2809 | -7/Factory | Entered Lower Caves 2833 | -7/Lower Caves | Learned location of 2 exits from Factory 2851 | -7/Lower Caves | Learned 4 Factory zone layouts 3342 | -7/Lower Caves | Discovered new exit (range 7) 3350 | -7/Lower Caves | Entered another Lower Caves area 3414 | -7/Lower Caves | Identified exit to Data Miner 3679 | -7/Lower Caves | Identified exit to Factory 3695 | -7/Lower Caves | Entered Data Miner 3695 | -7/Data Miner | Discovered new exit (range 6) 3700 | -7/Data Miner | Met Data Miner 3707 | -7/Data Miner | Learned location of Section 7 (-2) 3707 | -7/Data Miner | Acquired the access code to Warlord's prototype stash 3713 | -7/Data Miner | Received God Mode back door access code from Data Miner 3719 | -7/Data Miner | Entered Proximity Caves 3818 | -6/Proximity Caves | Spotted B-75 Beast 3820 | -6/Proximity Caves | Escorted by Enhanced Grunt 4063 | -6/Proximity Caves | Received a Behemoth hack from an annoying Tinkerer 4094 | -6/Proximity Caves | Entered Factory 4094 | -6/Factory | Evolved 2 slots: Propulsion x1, Utility x1 4095 | -6/Factory | Identified exit to Factory 4436 | -6/Factory | Build established: Hacker-Scout 4634 | -6/Factory | Entered another Factory area 4634 | -5/Factory | Evolved 2 slots: Power x1, Utility x1 4692 | -5/Factory | Repaired Xenon Bombardment Thruster 4719 | -5/Factory | Repaired Sml. Storage Unit 4756 | -5/Factory | Repaired VTOL Module 4871 | -5/Factory | Fabricated Field Propulsion Drive? 5033 | -5/Factory | Identified exit to Factory 5048 | -5/Factory | Incoming investigation squad redirected 5083 | -5/Factory | Fabricated Field Propulsion Drive? 5286 | -5/Factory | Sucked down chute 5286 | -5/Factory | Entered Waste 5293 | -5/Waste | Spotted C-40 Crusher 5322 | -5/Waste | Spotted C-40 Crusher 5348 | -5/Waste | Spotted C-40 Crusher 5353 | -5/Waste | Spotted C-40 Crusher 5361 | -5/Waste | Spotted C-40 Crusher 5407 | -5/Waste | Spotted C-40 Crusher 5429 | -5/Waste | Discovered new exit (range 12) 5434 | -5/Waste | Found Prototype Device 5436 | -5/Waste | Entered Factory 5450 | -5/Factory | Identified exit to Upper Caves 5457 | -5/Factory | Spotted B-75 Beast 5515 | -5/Factory | Repaired Enh. Quantum Rifle 5825 | -5/Factory | Entered Upper Caves 5852 | -5/Upper Caves | Lost 3 parts (2p1u) 5860 | -5/Upper Caves | Encountered a Warlord checkpoint 5914 | -5/Upper Caves | Discovered new exit (range 11) 5921 | -5/Upper Caves | A Derelict revealed a hidden shortcut to "reach the base" 5925 | -5/Upper Caves | Entered Warlord 6038 | -5/Warlord | Met Warlord 6043 | -5/Warlord | Opened Warlord's prototype stash 6050 | -5/Warlord | Found Prototype Device 6050 | -5/Warlord | Identified Exp. Phase Shifter 6053 | -5/Warlord | Found Prototype Hackware 6053 | -5/Warlord | Identified Ghost Barrier 6060 | -5/Warlord | Found Prototype Device 6060 | -5/Warlord | Identified Exp. Focal Shield 6063 | -5/Warlord | Warlord's base attacked by MAIN.C 6065 | -5/Warlord | Found Prototype Reactor 6065 | -5/Warlord | Identified Vortex Chain Reactor 6222 | -5/Warlord | Found Prototype Energy Cannon 6223 | -5/Warlord | Identified Vortex Driver 6244 | -5/Warlord | Identified Adv. Particle Accelerator 6256 | -5/Warlord | Discovered new exit (range 14) 6259 | -5/Warlord | Entered Proximity Caves 6385 | -4/Proximity Caves | Spotted B-86 Titan 6394 | -4/Proximity Caves | Learned Research terminal intel 6456 | -4/Proximity Caves | Learned Research emergency access door positions 6474 | -4/Proximity Caves | Discovered exit to Factory (range 15) 6474 | -4/Proximity Caves | Learned Research stockpile data 6492 | -4/Proximity Caves | Entered Factory 6492 | -4/Factory | Evolved 2 slots: Utility x2 6569 | -4/Factory | Identified exit to Research 6644 | -4/Factory | Incoming investigation squad redirected 6669 | -4/Factory | Entered Research 6669 | -3/Research | Evolved 2 slots: Propulsion x2 6672 | -3/Research | Loaded intel: 23 terminal locations 6718 | -3/Research | Identified exit to Quarantine 7301 | -3/Research | Lost 7 parts (3n4u) 7341 | -3/Research | Spotted B-86 Titan 7343 | -3/Research | Build established: Hacker-Sprinter 7371 | -3/Research | Discovered new exit (range 21) 7410 | -3/Research | Entered another Research area 7410 | -2/Research | Warlord forces began assault on 0b10 7410 | -2/Research | Evolved 2 slots: Utility x2 7415 | -2/Research | Identified exit to Access 7427 | -2/Research | Met up with Warlord 7442 | -2/Research | Took control of God Mode 7442 | -2/Research | Attacked by Warlord forces 7443 | -2/Research | Spotted D1-9YX(K) 7443 | -2/Research | Spotted 09-P8Y(K) 7443 | -2/Research | Spotted WN-9RO(K) 7443 | -2/Research | Allies destroyed WN-9RO(K) 7444 | -2/Research | Attacked by Warlord 7461 | -2/Research | Spotted B-90 Cyclops 7465 | -2/Research | Discovered new exit (range 21) 7520 | -2/Research | Research machine network offline 7532 | -2/Research | Entered Access 7532 | -1/Access | Accompanied by 3 allies 7532 | -1/Access | Evolved 2 slots: Power x1, Utility x1 7625 | -1/Access | Spotted B-99 Colossus 7835 | -1/Access | Spotted B-99 Colossus 8195 | -1/Access | Lost 5 parts (2p2u1w) 8282 | -1/Access | First assault squad dispatched 8312 | -1/Access | Incoming assault squad redirected 8340 | -1/Access | Identified exit to Surface 8363 | -1/Access | Incoming investigation squad redirected 8507 | -1/Access | Build established: Hacker-Scout 8567 | *** | Escaped! Last Messages --------------- 08523_ Penetrated by Slug. 08523_ K-01 Serf cleans the Wave Collapse Detector. 08523_ K-01 Serf suffers critical hit (Destroy). 08523_ K-01 Serf destroyed. 08524_ K-01 Serf collects debris. 08524_ Sml. Battery destroyed. 08526_ K-01 Serf cleans the Wave Collapse Detector. 08526_ Penetrated by Slug. 08532_ ALERT: Rogue bot located, Programmers report to Access Zone 5G. 08536_ System corrupted: FCS attempts to trigger Enh. Quantum Rifle. 08536_ System corrupted: Enh. Quantum Rifle misfires. 08548_ Connecting with Terminal... 08549_ Vortex penetrates Sealed Barrier. 08549_ Sealed Barrier breached. 08549_ Main Access Shell breached. 08554_ Dropped Sapper Charge. 08555_ Started Sapper Charge timer (8). 08563_ Armed Sapper Charge explodes. [Achievement: 20k Club] [Achievement: This Is Interesting...] Map ----- +----------------------------------------------------+ | ? ?????+ # ! " #?# = | | ???????# + """ #?# "" """ | | ???????# # """ ### ""F""" | | ???"???## # " ###= """"" | | ????????# + #?# | | ????????# ################? = #?# | | ????? ??# ?????#?#??##??#???######### | | ????????# ??#???#?????##??###?####?#?# ########## | | ????????# ????##?#?###?#?#??????#?#??# #? | | ????? ?#??????#???????#?#??####?#???# # | | ???????? ########################## # " | | ???????+ ^ # """ | | ???????? + """ | | ??????????????????### ""####### # " | | ???????????########?# ""###??## # | | ???????????# ### ""#??#?## #? | | ???????????# # " T#??#?## #?######## | | ???????????+ " " ""##?#?## #? ? ? ??? | | ???????????# " " ""#?#?### #?????? ?? | | ?????????? # """ ""#?????# # ???????? | | ???????????# "" """ """"????## # ??? ???? | | ?????????? # ### ##?##?# #????????? | | ???????????# ????# ##????# #????????? | | ???????????# ?? ???# """ "" #?###?# +???? ???? | | ???????????# ? ???### " " #???#?# #????????? | | ??????????????????### " @" " ####?## #????????? | | ???????????? ???????# " "" " #??#??# #????????? | | ???????????? ???? ??# " " #?????# #????????? | | ????????????????????# """""" #???#?# #????????? | | ?????????????#??#???# ? ??? ??????# #????????? | | ????????????????????#""??????????????# ?????????? | | ???????????????????????"?""??????????? ?????????? | | ???????????????????????"?????????????? ?????????? | | ?????????????????????????????????????? ?????????? | | ??????????????????????????????????????+#?????????? | | ??????????????????????BB????BB???????????????????? | | ??????????????????????BB????BB???????????????????? | | ?????????????????????????????????????????????????? | | ?????????????????????????????????????????????????? | | ?????????????????????????????????????????????????? | | ?????????????????????????????????????????????????? | | ?????????????????????????????????????????????????? | | ?????????????????????????????????????????????????? | | ?????????????????????????????????????????????????? | | ?????????????????????????????????????????????????? | | ?????????????????????????????????????????????????? | | ?????????????????????????????????????????????????? | | ?????????????????????????????????????????????????? | | ?????????????????????????????????????????????????? | | ?????????????????????????????????????????????????? | +----------------------------------------------------+ Best States ------------- Heat Dissipation 71 Coolant Potential 65 Energy Generation 47 Energy Capacity 450 Matter Stores 300 Matter Capacity 300 Sight Range 22 Terrain Scan Range 20 Terrain Scan Density 210 ECM Strength 2 Jamming Range 12 Cloak Strength 5 Additional Mass Support 9 Corruption Containment 8 Phase Shifting 20 Evasion (%) 93 Targeting Accuracy 8 Target Analysis 8 Armor Integrity Analysis 30 Recoil Reduction 4 Offensive Hacking 26 Defensive Hacking 34 Item Schematics ----------------- Combat Drone Bay | -7/Data Miner | Free Lgt. Regenerative Plating | -7/Data Miner | Free Cld. Aerolev Unit | -7/Data Miner | Free Gravity Neutralizer | -7/Data Miner | Free Com. Ion Cannon | -7/Data Miner | Free Field Propulsion Drive | -7/Data Miner | Free Adv. System Shield | -7/Data Miner | Free Wave Gun | -7/Data Miner | Free Lgt. Fission Core | -7/Data Miner | Free Hvy. Phase Cannon | -7/Data Miner | Free Imp. Thermal Shield | -7/Data Miner | Free Imp. Force Field | -7/Data Miner | Free Hvy. Disruptor Cannon | -7/Data Miner | Free Robot Schematics ------------------ M-14 Sweeper | -7/Data Miner | Free G-50 Soldier | -7/Data Miner | Free W-25 Informer | -7/Data Miner | Free C-17 Slicer | -7/Data Miner | Free A-15 Conveyor | -7/Data Miner | Free R-10 Processor | -7/Data Miner | Free Fabricated ------------ Field Propulsion Drive | x2 | -5/Factory Field Propulsion Drive | x2 | -5/Factory Alien Tech Used ----------------- None Achievements -------------- 20k Club A Powerful Ally? All-out Warlord Dramatic Entrance Explorer Godhack Prolific Hacker Reappropriation This Is Interesting... True Hacker Challenges ------------ None Game ------ Seed NeutrinoNavigationMediator Manual? 0 Play Time 03:43:34 Cumulative 36.5 hours Start 2023.01.15 @ 21:45:49 End 2023.01.18 @ 21:59:00 Sessions 7 Manual Loads 0 Difficulty Rogue Special Mode None Game No. 40 Rogue 33 Adventurer 7 Explorer 0 Win Type 0 Total 4 Types 4/0/0/0/0/0/0/0/0 Lore% 25 Gallery% 43 Achievement% 32 Wizard Run 0 Options --------- ASCII 0 Keyboard 0 Movement Numpad Keybinds 0 Fullscreen 2 Font 36/Smallcaps Map View 76x50 Tactical HUD 1 Map Filters NONE Filters NONE Steam 1 RUN: 7ac0ad1a-ab40-4115-a8bb-3c707ff2aa96